 Dungeon Sprint DCSS version 0.30.1 (webtiles) character file.

Game seed: 13147887465459708608

3100000 BreadTh the Axe Maniac (level 18, -41/121 HPs)
             Began as a Spriggan Brigand on July 11, 2023.
             Was the Champion of Makhleb.
             Annihilated by a large bag of meat
             ... wielding a +9 giant spiked club
              (113 damage)
             ... in the Dungeon (Sprint VIII: "Arena of Blood").
             The game lasted 00:02:38 (31 turns).

BreadTh the Axe Maniac (Spriggan Brigand)             Turns: 31, Time: 00:02:39

Health: -41/121    AC:  5    Str:  7    XL:     18   Next: 40%
Magic:  14/36      EV: 45    Int: 15    God:    Makhleb [******]
Gold:   0          SH:  0    Dex: 22    Spells: 17/17 levels left

rFire   . . .        l - +∞ Axe of Woe
rCold   . . .        (shield currently unavailable)
rNeg    . . .        b - +0 robe
rPois   .            (helmet restricted)
rElec   .            c - +0 cloak
rCorr   .            (gloves unavailable)
SInv    +            (boots unavailable)
Will    +++..        (no amulet)
Stlth   ++++++++++   (no ring)
HPRegen 0.40/turn    (no ring)
MPRegen 0.25/turn

%: no teleportation
@: very quick
A: very small, no large weapons, unfitting armour, see invisible, speed 3
a: Renounce Religion, Minor Destruction, Lesser Servant of Makhleb, Major
Destruction, Greater Servant of Makhleb


You were in the Dungeon.
You worshipped Makhleb.
Makhleb was exalted by your worship.
You visited 1 branch

Inventory:

Hand Weapons
 l - the +∞ Axe of Woe (weapon)
   (You found it in the Dungeon)
Missiles
 d - 9 poisoned darts (quivered)
 e - 3 curare-tipped darts
Armour
 b - a +0 robe (worn)
 c - a +0 cloak (worn)
Scrolls
 k - a scroll of blinking
Potions
 f - a potion of curing
 g - a potion of heal wounds
 h - a potion of haste
 i - 2 potions of magic
 j - a potion of berserk rage


   Skills:
 * Level 24.1 Fighting
 - Level 2.1 Short Blades
 O Level 27 Axes
 - Level 2.0 Throwing
 + Level 16.4 Armour
 O Level 27 Dodging
 O Level 27 Stealth
 + Level 17.7 Unarmed Combat
 O Level 27 Invocations


You had 17 spell levels left.
You didn't know any spells.
Your spell library was empty.

Dungeon Overview and Level Annotations

Branches:
Dungeon (1/1)

Altars:
Makhleb

Annotations:
D The Servant


Innate Abilities, Weirdness & Mutations

You are very small and have problems with some larger weapons.
You are too small for most types of armour.
You have supernaturally acute eyesight. (SInv)
You cover ground extremely quickly. (Speed+++)


Message History

The meat berserker rages.
The bag of meat is engulfed in blazing flames.
You hear a shout!
The bag of meat is engulfed in blazing flames.
You hear a shout!
The destroyer casts a spell at you.
The destroyer blinks!
You hear a shout!
The large bag of meat moves out of view.
The Servant appears out of thin air!
The Servant comes into view.
He is wielding a +9 glaive of flaming.
You hear a shout! x3
The meat berserker is engulfed in blazing flames.
The meat berserker completely misses you.
You hear a shout! x2
The destroyer points at you and mumbles some strange words.
The destroyer blinks!
The bag of meat is engulfed in blazing flames.
You hear a shout! x2
The bag of meat is engulfed in blazing flames. x2
The bag of meat completely misses you.
Press: ? - help, v - describe, . - travel
Here: The Servant, wielding a +9 glaive of flaming and wearing a +130 ring of slaying (wandering, hasn't noticed you)
The floor.
Unknown command.
You hear a shout! x5
The destroyer is engulfed in blazing flames.
The destroyer gestures at you while chanting.
The destroyer blinks!
You hear a shout! x2
You hear a shout! x4
The meat berserker is engulfed in blazing flames.
You hear a shout! x2
The bag of meat is engulfed in blazing flames.
You hear a shout!
The bag of meat is engulfed in blazing flames. x2
You hear a shout! x2
The large bag of meat hits you with a +9 giant spiked club!!!!
Ouch! That really hurt!
You die...

.........)........
................#.
......)))).....#..
......§)☼§§§.##...
...#..§)§§§.#.....
......o§☼§o.#...##
..##.#.o.Oo........
. ...@..oO.........
#....#..@V.####...
...V.........# ..
...............
......=.......#
###############


You could see The Servant (wandering), 2 destroyers, a large bag of meat (inner
flame), a meat berserker (berserk) and 5 bags of meat.

Vanquished Creatures
  A vampire knight (D)
  6 ogres (D)
  2 two-headed ogres (D)
  15 orcs (D)
24 creatures vanquished.

Notes
Turn   | Place    | Note
-------+----------+-------------------------------------------
     0 | D        | Found the +∞ Axe of Woe
     0 | D        | BreadTh the Spriggan Brigand began the quest for the Orb.
     0 | D        | Reached XP level 1. HP: 10/10 MP: 2/2
     3 | D        | Noticed a bag of meat
     3 | D        | Noticed a bag of meat
     5 | D        | Became a worshipper of Makhleb the Destroyer
     7 | D        | Noticed a meat berserker
     8 | D        | Noticed a bag of meat
     8 | D        | Noticed a bag of meat
     9 | D        | Noticed a bag of meat
     9 | D        | Noticed a bag of meat
     9 | D        | Noticed a bag of meat
    10 | D        | Killed a bag of meat
    10 | D        | Noticed a bag of meat
    11 | D        | Reached XP level 2. HP: 14/14 MP: 3/3
    11 | D        | Reached XP level 3. HP: 18/18 MP: 4/4
    11 | D        | Reached XP level 4. HP: 22/22 MP: 5/5
    11 | D        | Reached XP level 5. HP: 25/25 MP: 6/6
    11 | D        | Reached XP level 6. HP: 30/30 MP: 7/7
    11 | D        | Reached XP level 7. HP: 33/33 MP: 8/8
    11 | D        | Reached XP level 8. HP: 37/37 MP: 9/9
    11 | D        | Reached XP level 9. HP: 41/41 MP: 10/10
    11 | D        | Reached XP level 10. HP: 46/46 MP: 11/11
    11 | D        | Killed a bag of meat
    11 | D        | Reached * piety under Makhleb
    11 | D        | Noticed a meat berserker
    12 | D        | Reached XP level 11. HP: 49/49 MP: 12/12
    12 | D        | Noticed a bag of meat
    12 | D        | Noticed a bag of meat
    13 | D        | Killed a bag of meat
    13 | D        | Killed a bag of meat
    13 | D        | Noticed a meat berserker
    14 | D        | Reached skill level 10 in Dodging
    14 | D        | Reached XP level 12. HP: 62/62 MP: 12/18
    14 | D        | Reached XP level 13. HP: 66/66 MP: 12/19
    14 | D        | Noticed a bag of meat
    14 | D        | Killed a bag of meat
    14 | D        | Reached ** piety under Makhleb
    14 | D        | Killed a meat berserker
    15 | D        | Reached XP level 14. HP: 76/76 MP: 12/23
    15 | D        | Noticed a meat berserker
    15 | D        | Noticed a bag of meat
    15 | D        | Noticed a bag of meat
    15 | D        | Noticed a bag of meat
    15 | D        | Noticed a bag of meat
    15 | D        | Noticed a bag of meat
    15 | D        | Noticed a large bag of meat
    16 | D        | Noticed a bag of meat
    16 | D        | Noticed a bag of meat
    16 | D        | Noticed a large bag of meat
    16 | D        | Noticed a meat berserker
    17 | D        | Noticed a bag of meat
    17 | D        | Noticed a bag of meat
    18 | D        | Killed a meat berserker
    18 | D        | Killed a bag of meat
    18 | D        | Reached *** piety under Makhleb
    18 | D        | Killed a bag of meat
    18 | D        | Killed a bag of meat
    18 | D        | Noticed a meat berserker
    18 | D        | Noticed a meat berserker
    19 | D        | Reached XP level 15. HP: 32/85 MP: 12/27
    20 | D        | Reached **** piety under Makhleb
    20 | D        | Noticed a destroyer
    21 | D        | Noticed a destroyer
    21 | D        | Killed a meat berserker
    21 | D        | Reached ***** piety under Makhleb
    21 | D        | Killed a meat berserker
    22 | D        | Reached skill level 27 in Axes
    22 | D        | Reached skill level 27 in Stealth
    22 | D        | Reached XP level 16. HP: 97/97 MP: 12/30
    23 | D        | Killed a meat berserker
    24 | D        | Killed a large bag of meat
    24 | D        | Killed a meat berserker
    24 | D        | Reached ****** piety under Makhleb
    25 | D        | Reached skill level 27 in Dodging
    25 | D        | Reached XP level 17. HP: 85/112 MP: 13/34
    25 | D        | Noticed a destroyer
    26 | D        | Killed a large bag of meat
    26 | D        | Killed a destroyer
    26 | D        | Noticed a large bag of meat
    27 | D        | Reached skill level 27 in Invocations
    27 | D        | Reached XP level 18. HP: 80/121 MP: 13/36
    27 | D        | Noticed a meat berserker
    28 | D        | Noticed a large bag of meat
    30 | D        | Noticed The Servant
    31 | D        | Annihilated by a large bag of meat

Illustrated notes

Levels and vault maps discovered:
D:        meatsprint

Skill      XL: |  1  2  3  4  5  6  7  8  9 10 11 12 13 14 15 16 17 |
---------------+----------------------------------------------------+-----
Axes           | 21 24 25 26 27 | 27.0
Fighting       | 6 9 12 16 21 24 | 24.1
Armour         | 4 6 8 11 14 16 | 16.4
Dodging        | 10 14 18 24 27 | 27.0
Stealth        | 13 17 22 27 | 27.0
Unarmed Combat | 4 6 9 11 16 17 | 17.7
Invocations    | 7 11 14 19 25 27 | 27.0
Short Blades   | |  2.1
Throwing       | |  2.0

Action                     |  1- 3 |  4- 6 |  7- 9 | 10-12 | 13-15 | 16-18 || total
---------------------------+-------+-------+-------+-------+-------+-------++-------
  Melee: Broad axe         |     1 |       |       |     2 |     4 |     3 ||    10
  Dodge: Dodged            |       |       |       |       |       |     2 ||     2
